 Dungeon Crawl Stone Soup version 0.23-a0-694-g178e528 (webtiles) character file.

1864 robertstho the Ruffian (level 8, -2/72 HPs)
             Began as a Troll Wizard on Jan 11, 2019.
             Slain by a two-headed ogre
             ... wielding a +0 giant spiked club
              (27 damage)
             ... on level 8 of the Dungeon.
             The game lasted 00:11:46 (5446 turns).

robertstho the Ruffian (Troll Wizard)               Turns: 5446, Time: 00:11:47

Health: -2/72      AC:  8    Str: 16    XL:     8   Next: 90%
Magic:  12/12      EV: 10    Int: 21    God:
Gold:   413        SH:  4    Dex:  8    Spells: 3/14 levels left

rFire    + . .     SeeInvis .   s - +8 lance "Wyrmbane" {slay drac, rPois rF+ rC+ AC+3}
rCold    + . .     Gourm    +   (no shield)
rNeg     . . .     Faith    .   a - +0 robe
rPois    +         Spirit   .   b - +0 hat
rElec    .         Reflect  +   (no cloak)
rCorr    .         Harm     .   (gloves unavailable)
MR       .....                  (boots unavailable)
Stlth    +.........             p - +4 amulet of reflection
HPRegen  0.62/turn              l - ring of poison resistance
MPRegen  0.13/turn              m - +5 ring of intelligence

@: no status effects
A: large, unfitting armour, claws 3, fast metabolism 3, gourmand, regeneration
1, shaggy fur 1, tough skin 2
a: no special abilities


You were on level 8 of the Dungeon.
You were full.

You visited 1 branch of the dungeon, and saw 8 of its levels.

You collected 413 gold pieces.

Inventory:

Hand Weapons
 s - the +8 lance "Wyrmbane" (weapon) {slay drac, rPois rF+ rC+ AC+3}
   (You found it on level 5 of the Dungeon)

   It affects your AC (+3).
   It protects you from fire.
   It protects you from cold.
   It protects you from poison.
 C - the +4 hand crossbow "Eblueruy" {flame, *Slow rElec rN+++ Stlth+}
   (You found it on level 6 of the Dungeon)

   It causes projectiles fired from it to burn those they strike, causing extra
   injury to most foes and up to half again as much damage against particularly
   susceptible opponents.
   It insulates you from electricity.
   It renders you almost immune to negative energy.
   It may slow you when you take damage.
   It makes you more stealthy.
Missiles
 r - 3 javelins (quivered)
 u - 22 bolts
Armour
 a - a +0 robe (worn)
 b - a +0 hat (worn)
Jewellery
 l - a ring of poison resistance (left claw)
 m - a +5 ring of intelligence (right claw)
 o - an uncursed ring of positive energy
 p - a +4 amulet of reflection (around neck)
 w - an uncursed amulet of the acrobat
 B - an uncursed ring of stealth
Wands
 q - a wand of digging (6)
 t - a wand of disintegration (11)
Scrolls
 f - a scroll of random uselessness {unknown}
 g - 7 scrolls of teleportation {unknown}
 h - 2 scrolls of blinking {unknown}
 i - 2 scrolls of magic mapping {unknown}
 k - a scroll of remove curse {unknown}
 x - 3 scrolls of fog {unknown}
 y - a scroll of immolation {unknown}
 A - a scroll of enchant armour {unknown}
 D - a scroll of identify
Potions
 c - 2 potions of agility
 e - 2 potions of curing
 j - 2 potions of haste
 n - a potion of magic
 v - a potion of lignification
 z - a potion of brilliance
Comestibles
 d - 10 rations


   Skills:
 + Level 2.1 Fighting
 * Level 5.6 Polearms
 + Level 2.9 Dodging
 - Level 1.0 Stealth
 * Level 5.9 Unarmed Combat
 * Level 3.9 Spellcasting
 + Level 0.9 Conjurations
 + Level 0.6 Summonings
 + Level 0.6 Translocations


You had 3 spell levels left.
You knew the following spells:

 Your Spells              Type           Power        Failure   Level  Hunger
a - Magic Dart            Conj           #...         9%          1    None
b - Blink                 Tloc           N/A          14%         2    #......
c - Call Imp              Summ           #.......     14%         2    #......
d - Conjure Flame         Conj/Fire      #.......     30%         3    ###....
e - Mephitic Cloud        Conj/Pois/Air  #.......     32%         3    ###....

Your spell library contained the following spells:

 Spells                   Type           Power        Failure   Level  Hunger
 Shock                    Conj/Air       #...         10%         1    None
 Summon Small Mammal      Summ           #...         10%         1    None
 Slow                     Hex            #.......     19%         2    #......
 Swiftness                Chrm/Air       #.......     19%         2    #......
 Call Canine Familiar     Summ           #.......     28%         3    ###....
 Static Discharge         Conj/Air       #.......     30%         3    ###....
 Summon Guardian Golem    Hex/Summ       #.......     32%         3    ###....
 Summon Ice Beast         Ice/Summ       #.......     71%         4    ####...
 Summon Lightning Spire   Summ/Air       #.......     71%         4    ####...
 Airstrike                Air            #.........   77%         4    ####...
 Lightning Bolt           Conj/Air       #.........   95%         5    ######.


Dungeon Overview and Level Annotations

Branches:
Dungeon (8/15)             Temple (0/1) D:6
   Lair: D:8-11

Altars:
Cheibriados
Dithmenos
Elyvilon
Fedhas
Hepliaklqana
Kikubaaqudgha
Makhleb
Vehumet
Xom

Annotations:
D:5 3 runed doors, bowens22's ghost, amateur NaBe


Innate Abilities, Weirdness & Mutations

You are too large for most types of armour.
You have claws for hands.
Your metabolism is lightning-fast.
You like to eat raw meat.
Your natural rate of healing is unusually fast.
You are covered in fur. (AC +1)
You have very tough skin. (AC +2)


Message History

The shadow imp hits you but does no damage.
You hit the shadow imp.
You kill the shadow imp!
Found a glowing ivory wand.
You see here a scroll labeled VOCUAH NIEG.
x - 3 scrolls labeled VOCUAH NIEG (gained 1)
Something unseen opens the door.
You see here a wand of disintegration (12).
t - a wand of disintegration (12)
Casting: Mephitic Cloud (safe; 32% risk of failure)
Confirm with . or Enter, or press ? or * to list all spells.
Okay, then.
Evoke which item? (* to show all) (? for menu, Esc to quit)
Aiming: Disintegrate
Press: ? - help, Shift-Dir - straight line, f/p - two-headed ogre
Aim: a two-headed ogre, wielding two +0 giant spiked clubs (lightly wounded, chance to defeat MR: 48%)
The two-headed ogre resists with some effort.
The two-headed ogre hits you with a +0 giant spiked club!
The two-headed ogre hits you with a +0 giant spiked club!!
You die...

######## # #......#
######......############
.....'.........O@.......
######.........###...###
...............+ ..+
############...# .# ...#
##### # .#.###### ...
##..l...# .....
##.l....# .....
........+ .....


You could see a two-headed ogre.

Vanquished Creatures
  Pikel (D:6)
  2 sky beasts
  A phantom (D:4)
  A big kobold (D:7)
  A bullfrog (D:6)
  A wyvern zombie (D:7)
  2 scorpions
  A howler monkey (D:5)
  3 wights (D:6)
  2 bullfrog zombies
  5 crimson imps
  A bullfrog skeleton (D:5)
  A jelly (D:7)
  An orc priest (D:8)
  A centaur skeleton (D:4)
  2 iguanas
  2 worker ants
  A killer bee zombie (D:5)
  A gnoll (D:5)
  10 adders
  A shadow imp (D:8)
  An ooze (D:3)
  An adder skeleton (D:5)
  2 worms
  5 dart slugs
  7 leopard geckos
  18 orcs
  9 giant cockroaches
  6 goblins
  9 hobgoblins
  11 jackals
  10 kobolds
  5 quokkas
  2 ball pythons
  7 bats
  6 frilled lizards
  A jackal zombie (D:7)
  A quokka zombie (D:7)
  7 rats
149 creatures vanquished.

Notes
Turn   | Place    | Note
-------+----------+-------------------------------------------
     0 | D:1      | robertstho the Troll Wizard began the quest for the Orb.
     0 | D:1      | Reached XP level 1. HP: 16/16 MP: 2/2
   412 | D:1      | Reached XP level 2. HP: 18/24 MP: 4/4
  1069 | D:2      | Reached XP level 3. HP: 16/31 MP: 6/6
  1161 | D:2      | Found an ancient bone altar of Kikubaaqudgha.
  1166 | D:2      | Reached skill level 1 in Unarmed Combat
  1166 | D:2      | Reached XP level 4. HP: 38/39 MP: 7/7
  1746 | D:3      | Reached XP level 5. HP: 36/45 MP: 8/8
  2110 | D:4      | Found a snail-covered altar of Cheibriados.
  2266 | D:4      | Noticed a phantom
  2279 | D:4      | Killed a phantom
  2279 | D:4      | Reached XP level 6. HP: 24/54 MP: 6/9
  2614 | D:4      | Found a radiant altar of Vehumet.
  3254 | D:4      | Learned a level 2 spell: Blink
  3257 | D:4      | Learned a level 2 spell: Call Imp
  3261 | D:4      | Learned a level 3 spell: Conjure Flame
  3265 | D:4      | Learned a level 3 spell: Mephitic Cloud
  3273 | D:5      | Entered Level 5 of the Dungeon
  3273 | D:5      | Found the +8 lance "Wyrmbane" {slay drac, rPois rF+ rC+
                  | AC+3}
  3456 | D:5      | Found an ancient bone altar of Kikubaaqudgha.
  3509 | D:5      | Reached skill level 1 in Polearms
  3509 | D:5      | Reached skill level 5 in Unarmed Combat
  3509 | D:5      | Reached XP level 7. HP: 51/61 MP: 10/10
  3527 | D:5      | Found a white marble altar of Elyvilon.
  3744 | D:5      | Found a runed gate.
  3745 | D:5      | Found a runed gate.
  3746 | D:5      | Found a runed gate.
  3800 | D:5      | Noticed bowens22's ghost (amateur NaBe)
  3968 | D:6      | Reached skill level 1 in Fighting
  4009 | D:6      | Found a blossoming altar of Fedhas.
  4013 | D:6      | Found a hazy altar of Hepliaklqana.
  4099 | D:6      | Found a staircase to the Ecumenical Temple.
  4171 | D:6      | Found a burning altar of Makhleb.
  4200 | D:6      | Noticed Pikel
  4210 | D:6      | Found a shimmering altar of Xom.
  4225 | D:6      | Killed Pikel
  4225 | D:6      | Reached XP level 8. HP: 25/70 MP: 12/12
  4250 | D:6      | Found a shadowy altar of Dithmenos.
  4363 | D:6      | Got a smoking hand crossbow
  4478 | D:6      | Identified the +4 hand crossbow "Eblueruy" {flame, *Slow
                  | rElec rN+++ Stlth+} (You found it on level 6 of the
                  | Dungeon)
  5008 | D:7      | Reached skill level 5 in Polearms
  5376 | D:8      | Noticed a two-headed ogre
  5389 | D:8      | HP: 3/72 [two-headed ogre/+0 giant spiked club (12)]
  5410 | D:8      | Noticed a two-headed ogre
  5446 | D:8      | Slain by a two-headed ogre

Vault maps used:
D:1:      evilmike_arrival_hilbert_curve
D:2:      kiku_gazebo_pond_becter, first_ration, kennysheep_decorative_pillar,
          minmay_vboxes
D:3:      minmay_misc_feat_doors
D:4:      kennysheep_slug_shrine, fiery_altar_vehumet
D:5:      lemuel_round_altar, ebering_ghost_rock_garden, minmay_ruined_shrine
D:6:      marbit_many_paths, kennysheep_mini_moat, grunt_temple_overflow_open,
          temple_hall, nicolae_dithmenos_shadow_blocks, uniq_pikel
D:7:      minmay_hedge_maze
D:8:      blue_anna_alchemist

Skill      XL: |  1  2  3  4  5  6  7  8 |
---------------+-------------------------+-----
Unarmed Combat | 1 2 4 5 |  5.9
Spellcasting   | 3 |  3.9
Dodging        | 2 |  2.9
Polearms       | 1 4 5 |  5.6
Fighting       | 1 2 |  2.1
Stealth        | |  1.0
Conjurations   | |  0.9
Summonings     | |  0.6
Translocations | |  0.6

Action                   |  1- 3 |  4- 6 |  7- 9 || total
-------------------------+-------+-------+-------++-------
Melee: Unarmed           |    82 |   196 |       ||   278
       Punch             |       |     2 |     3 ||     5
       Lance             |       |    39 |   183 ||   222
 Cast: Magic Dart        |       |     8 |       ||     8
       Mephitic Cloud    |       |       |     1 ||     1
       Blink             |       |       |     1 ||     1
Evoke: Wand              |       |       |     1 ||     1
  Use: Scroll            |       |     6 |     6 ||    12
       Potion            |       |       |     1 ||     1
 Stab: Sleeping          |     1 |     1 |     1 ||     3
  Eat: Chunk             |    16 |    22 |    15 ||    53
Armor: Robe              |    32 |    76 |    62 ||   170
Dodge: Dodged            |    49 |   141 |    82 ||   272
Block: Other             |       |     6 |    28 ||    34
       Reflection        |       |     1 |     2 ||     3

Table legend:
 A = Non-vault XP
 B = Vault XP
 C = Vault XP percentage of total XP
 D = Non-vault monster count
 E = Vault monster count
 F = Vault count percentage of total count
                 A         B        C        D         E       F
            +---------+---------+-------+---------+---------+-------
      Total |    1853 |     811 |  30.4 |     133 |      16 |  10.7
            +---------+---------+-------+---------+---------+-------
        D:1 |      31 |       0 |   0.0 |      14 |       0 |   0.0
        D:2 |     100 |      24 |  19.4 |      22 |       8 |  26.7
        D:3 |     104 |       0 |   0.0 |      31 |       0 |   0.0
        D:4 |     225 |       4 |   1.7 |      10 |       1 |   9.1
        D:5 |     205 |     109 |  34.7 |      12 |       5 |  29.4
        D:6 |     277 |     674 |  70.9 |      14 |       2 |  12.5
        D:7 |     659 |       0 |   0.0 |      21 |       0 |   0.0
        D:8 |     252 |       0 |   0.0 |       9 |       0 |   0.0
            +---------+---------+-------+---------+---------+-------
